 Dungeon Crawl Stone Soup version 0.15-a0-1387-gd422dff (webtiles) character file.

527 BluebellGnoll the Magician (level 7, -10/41 HPs)
             Began as an Octopode Venom Mage on June 10, 2014.
             Mangled by Grinder (12 damage)
             ... while paralysed by Grinder
             ... on Level 5 of the Dungeon.
             The game lasted 00:29:35 (4709 turns).

BluebellGnoll the Magician (Octopode Venom Mage)    Turns: 4709, Time: 00:29:35

HP -10/41        AC  1     Str  7      XL: 7   Next: 23%
MP  10/18        EV  2     Int 24      God:
Gold 104         SH  0     Dex 12      Spells:  5 memorised,  5 levels left

rFire  . . .     SeeInvis .     f - -1,+0 short sword (curse)
rCold  . . .     Clarity  .     (no shield)
rNeg   . . .     rCorr    .     (helmet restricted)
rPois  .         rRot     .     (no amulet)
rElec  .         Spirit   .     k - ring of stealth
SustAb .         Warding  .     n - +4 ring of intelligence
rMut   .         Stasis   .     (no ring)
Gourm  .                        (no ring)
MR     .....                    (no ring)
                                (no ring)
                                (no ring)
                                (no ring)

@: paralysed, not resistant to hostile enchantments, stealthy
A: almost no armour, amphibious, 8 rings, constrict 8, camouflage 1, gelatinous
body 1
a: no special abilities


You were on level 5 of the Dungeon.
You were not hungry.

You visited 1 branch of the dungeon, and saw 5 of its levels.

You collected 104 gold pieces.

Inventory:

Hand weapons
 e - a +3,+2 dagger
 f - a cursed -1,+0 short sword (weapon)
 h - a +0,+0 cutlass
 y - a +2,+1 vampiric dagger
Missiles
 r - 16 poisoned needles
 t - 2 tomahawks (quivered)
 x - 4 javelins
Armour
 m - a +0 leather armour
Magical devices
 g - a wand of invisibility (7)
 w - a wand of flame (0)
 B - a wand of fireball (3) {unknown}
Comestibles
 c - 2 bread rations
 j - a meat ration
 o - 7 fruits
Scrolls
 p - 3 scrolls of remove curse
 u - 2 scrolls of recharging
 v - a scroll of enchant weapon I
 z - a scroll of amnesia
 A - a scroll of enchant armour
Jewellery
 k - a ring of stealth (left tentacle)
 n - a +4 ring of intelligence (right tentacle)
Potions
 a - a potion of resistance {unknown}
 d - 2 potions of agility {unknown}
 i - a potion of lignification
 q - 2 potions of restore abilities
 C - a potion of degeneration {unknown}
Books
 b - a Young Poisoner's Handbook

   Spells                             Type                      Level
   *Sting                             Conjuration/Poison           1
   *Cure Poison                       Poison                       2
   *Mephitic Cloud                    Conjuration/Poison/Air       3
   Olgreb's Toxic Radiance            Poison                       4
   Venom Bolt                         Conjuration/Poison           5
 l - a book of Ice

   Spells                             Type                      Level
   Metabolic Englaciation             Hexes/Ice                    5
   Ozocubu's Refrigeration            Ice                          6
   Bolt of Cold                       Conjuration/Ice              6
   Freezing Cloud                     Conjuration/Ice/Air          6
   Simulacrum                         Ice/Necromancy               6
 s - a book of Geomancy

   Spells                             Type                      Level
   Sandblast                          Earth                        1
   *Stoneskin                         Transmutation/Earth          2
   Passwall                           Transmutation/Earth          3
   *Stone Arrow                       Conjuration/Earth            3
   Petrify                            Transmutation/Earth          4
   Lee's Rapid Deconstruction         Earth                        5


   Skills:
 - Level 2.0 Dodging
 - Level 2.6 Stealth
 + Level 5.1 Spellcasting
 + Level 4.8 Conjurations
 - Level 1.4 Transmutations
 - Level 4.8 Poison Magic


You had 5 spell levels left.
You knew the following spells:

 Your Spells              Type           Power        Failure   Level  Hunger
a - Sting                 Conj/Pois      ####         1%          1    None
b - Cure Poison           Pois           ####......   1%          2    None
c - Mephitic Cloud        Conj/Pois/Air  ###.....     10%         3    ##.....
d - Stoneskin             Trmt/Erth      #.........   12%         2    None
e - Stone Arrow           Conj/Erth      ###...       12%         3    ##.....


Dungeon Overview and Level Annotations

Branches:
Dungeon (5/15)
 Temple: D:4-7

Altars:
Qazlal

Annotations:
D:5 Grinder


Innate Abilities, Weirdness & Mutations

You cannot wear most types of armour.
You are amphibious.
You can wear up to eight rings at the same time.
You can use your tentacles to constrict many enemies at once.
Your skin changes colour to match your surroundings (Stealth).
Your rubbery body absorbs attacks (AC +1).


Message History

You struggle to resist.
Casting: Stone Arrow
Confirm with . or Enter, or press ? or * to list all spells.
Aiming: Mephitic Cloud
Press: ? - help, Shift-Dir - straight line, f/p - Grinder
Aim: Grinder (moderately wounded, unusually strong)
The beam explodes into a vile cloud!
The stinking cloud engulfs Grinder.
Grinder is moderately wounded.
You hit Grinder. You grab Grinder. You squeeze Grinder, but do no damage.
Grinder is heavily wounded.
You constrict Grinder. Grinder gestures at you.
You suddenly lose the ability to move!
You lose your grip on Grinder.
Grinder hits you!
You writhe in agony.
You writhe in agony.
Grinder hits you!
You writhe in agony.
* * * LOW HITPOINT WARNING * * *
Grinder hits you!
* * * LOW HITPOINT WARNING * * *
Grinder hits you!
You die...

.............#..............,,,,*
.................##.........,,,,*
.............###.........##.,,>,*
.......###...###.###.....#*,,,,,
.......# *..,#....##.....#*,,,,,*
###.####**,.,#....##.....#* ,,,,*
*#.#***,...,#....##.....#*,,,,,*
**...,,*.....#....##.....#**,,,**
**...,,*........@.##....#* *,,,**
* ...,,*.........5##....####,,,**
**,,,,,*,....................,,**
,,,,,,,,,....#...ยง.#.........,,**
,,,,,,,,,....##....#.#####...,,,,
,,,,,,,,,*#***#....#..,>,*,,,,,,,
,,,,,,,,,,,,,......#...,,*,,,,, ,
***,,,,,,,,,.....#.#....,*,,,,,,,
* *,,,,,, ,,,....#.#.....,,*,,,,,


You could see Grinder.

Vanquished Creatures
  The ghost of WhatIsLove the Skirmisher, an average HOFi (D:4)
  A big kobold (D:3)
  Duvessa (D:5)
  Dowan (D:5)
  A hound (D:4)
  An iguana (D:4)
  5 adders
  A giant mite (D:1)
  A worm (D:3)
  A giant gecko (D:1)
  An ooze (D:3)
  2 orcs
  3 ball pythons
  6 giant cockroaches
  9 hobgoblins
  13 jackals
  2 quokkas
  16 bats
  5 giant newts
  9 goblins
  11 kobolds
  10 rats
101 creatures vanquished.

Notes
Turn   | Place    | Note
--------------------------------------------------------------
     0 | D:1      | BluebellGnoll, the Octopode Venom Mage, began the quest for the Orb.
     0 | D:1      | Reached XP level 1. HP: 11/11 MP: 3/3
   269 | D:1      | Reached XP level 2. HP: 4/17 MP: 1/5
   314 | D:1      | Learned a level 2 spell: Cure Poison
   858 | D:1      | Reached XP level 3. HP: 21/21 MP: 6/8
   863 | D:1      | Learned a level 3 spell: Mephitic Cloud
  1123 | D:1      | Reached skill level 1 in Conjurations
  2018 | D:2      | Reached XP level 4. HP: 25/27 MP: 7/9
  2400 | D:3      | Learned a level 2 spell: Stoneskin
  2427 | D:3      | Found a stormy altar of Qazlal.
  2427 | D:3      | Noticed a fire elemental
  2431 | D:3      | Noticed an air elemental
  2437 | D:3      | Noticed a water elemental
  2437 | D:3      | Noticed an earth elemental
  2440 | D:3      | Noticed a big kobold
  2484 | D:3      | Killed a big kobold
  2484 | D:3      | Reached XP level 5. HP: 14/31 MP: 4/11
  3044 | D:4      | Reached skill level 1 in Transmutations
  3136 | D:4      | Reached XP level 6. HP: 6/36 MP: 12/14
  3332 | D:4      | Noticed WhatIsLove's ghost (average HOFi)
  3507 | D:3      | Learned a level 3 spell: Stone Arrow
  3950 | D:4      | Killed WhatIsLove's ghost
  4426 | D:5      | Entered Level 5 of the Dungeon
  4427 | D:5      | Noticed Duvessa
  4430 | D:5      | Noticed Dowan
  4451 | D:5      | Killed Duvessa
  4451 | D:5      | Reached XP level 7. HP: 12/41 MP: 1/18
  4465 | D:5      | Killed Dowan
  4465 | D:5      | Reached skill level 5 in Spellcasting
  4695 | D:5      | Noticed Grinder
  4705 | D:5      | Paralysed by Grinder for 5 turns
  4708 | D:5      | HP: 2/41 [Grinder (10)]
  4709 | D:5      | Mangled by Grinder

Action                   |  1- 3 |  4- 6 |  7- 9 || total
-------------------------+-------+-------+-------++-------
Melee: Unarmed           |    13 |       |       ||    13
       Dagger            |    26 |    88 |       ||   114
       Short sword       |       |       |     8 ||     8
 Cast: Sting             |    52 |    60 |       ||   112
       Mephitic Cloud    |       |     4 |     2 ||     6
       Stone Arrow       |       |    11 |     1 ||    12
       Cure Poison       |       |     2 |       ||     2
Evoke: Wand              |       |     2 |       ||     2
  Use: Scroll            |     8 |     5 |     3 ||    16
       Potion            |       |     3 |       ||     3
 Stab: Sleeping          |     7 |    12 |     2 ||    21
       Confused          |       |     3 |     2 ||     5
       Invisible         |       |     1 |       ||     1
